 Dungeon Crawl Stone Soup version 0.25-a0-591-g2ad0d86 (webtiles) character file.

Game seed: 17911255271048397847, levelgen mode: deterministic

9954 araganzar the Fighter (level 11, -4/104 HPs)
             Began as a Minotaur Summoner on Mar 13, 2020.
             Was a High Priest of Okawaru.
             Slain by a tengu warrior
             ... wielding a +0 great sword
             ... summoned by a boggart
              (13 damage)
             ... while paralysed by a hornet
             ... in a Gauntlet.
             The game lasted 00:31:15 (12484 turns).

araganzar the Fighter (Minotaur Summoner)          Turns: 12484, Time: 00:31:16

Health: -4/104     AC: 20    Str: 21    XL:     11   Next: 29%
Magic:  11/13      EV:  2    Int: 12    God:    Okawaru [*****.]
Gold:   203        SH:  0    Dex: 13    Spells: 12/12 levels left

rFire    . . .     SeeInvis +   a - +0 war axe (vorpal)
rCold    + . .     Gourm    .   (no shield)
rNeg     . . .     Faith    .   e - +4 chain mail "Riyj" {SInv}
rPois    .         Spirit   .   (helmet restricted)
rElec    .         Reflect  .   K - scarf {repulsion}
rCorr    .         Harm     .   w - +2 pair of gloves {Dex+3}
MR       +....     NoTele   +   (no boots)
Stlth    ..........             l - amulet "Riostast" {Acrobat *Contam MR+ Str+4}
HPRegen  0.27/turn              i - ring of wizardry {Wiz+, !d}
MPRegen  0.13/turn              y - ring of protection from cold {rC+, !d}

@: paralysed, lethally poisoned (-4 -> -11), heroism, repel missiles
A: retaliatory headbutt, horns 2
a: Heroism, Finesse, Renounce Religion


You were in a Gauntlet.
You worshipped Okawaru.
Okawaru was extremely pleased with you.
You were not hungry.

You visited 2 branches of the dungeon, and saw 12 of its levels.
You also visited: Gauntlet.

You collected 484 gold pieces.
You spent 281 gold pieces at shops.


Innate Abilities, Weirdness & Mutations

You reflexively headbutt those who attack you in melee.
You have a pair of horns on your head.


   Skills:
 + Level 11.7(16.7) Fighting
 + Level 11.6(16.6) Axes
 - Level 7.7(12.7) Armour
 + Level 7.6(12.6) Dodging
 - Level 1.5(6.5) Stealth
 - Level 1.3 Spellcasting
   Level 2.9 Summonings
 + Level 4.2 Invocations
 + Level 3.0 Evocations


You had 12 spell levels left.
You didn't know any spells.
Your spell library contained the following spells:

 Spells                   Type           Power        Failure   Level  Hunger
 Summon Small Mammal      Summ           #...         21%         1    ##.....
 Call Imp                 Summ           #.......     28%         2    ###....
 Call Canine Familiar     Summ           #.......     50%         3    ####...
 Animate Skeleton         Necr           N/A          52%         1    ##.....
 Apportation              Tloc           #.....       52%         1    ##.....
 Corona                   Hex            #......      52%         1    ##.....
 Summon Guardian Golem    Hex/Summ       #.......     69%         3    ####...
 Confusing Touch          Hex            #.......     86%         3    ####...
 Gell's Gravitas          Tloc           #.........   86%         3    ####...
 Summon Ice Beast         Ice/Summ       #.......     96%         4    #####..
 Summon Lightning Spire   Summ/Air       #.......     96%         4    #####..
 Petrify                  Tmut/Erth      #.......     99%         4    #####..
 Metabolic Englaciation   Hex/Ice        #.........   100%        5    ######.
 Yara's Violent Unravell  Hex/Tmut       #.........   100%        5    ######.

Inventory:

Hand Weapons
 a - a +0 vorpal war axe (weapon)
   (You found it on level 9 of the Dungeon)
 D - a +2 falchion of flaming
   (You took it off a big kobold on level 8 of the Dungeon)
 G - a +0 battleaxe
   (You took it off a wight on level 11 of the Dungeon)
Missiles
 h - 8 curare-tipped darts
 k - 24 poisoned darts
 m - 17 boomerangs (quivered)
 r - 165 arrows
 E - 2 silver javelins
Armour
 e - the +4 chain mail "Riyj" (worn) {SInv}
   (You bought it in a shop on level 4 of the Dungeon)

   It lets you see invisible.
 w - a +2 pair of gloves of dexterity (worn)
   (You found it on level 4 of the Dungeon)
 F - a +0 cloak
   (You found it on level 9 of the Dungeon)
 K - a scarf of repulsion (worn)
   (You found it in a Gauntlet)
Jewellery
 i - a ring of wizardry (left hand) {Wiz+, !d}
   (You found it on level 1 of the Dungeon)
 l - the amulet "Riostast" (around neck) {Acrobat *Contam MR+ Str+4}
   (You found it on level 8 of the Dungeon)

   [amulet of the acrobat]

   It helps you evade while moving and waiting.
   It affects your strength (+4).
   It affects your resistance to hostile enchantments.
   It causes magical contamination when unequipped.
 y - a ring of protection from cold (right hand) {rC+, !d}
   (You found it on level 8 of the Dungeon)
 J - a +3 amulet of reflection {unknown}
   (You found it on level 9 of the Dungeon)
Wands
 p - a wand of disintegration (8)
   (You found it on level 3 of the Dungeon)
 x - a wand of digging (9)
   (You found it on level 5 of the Dungeon)
 C - a wand of iceblast (5)
   (You found it on level 8 of the Dungeon)
Scrolls
 g - a scroll of teleportation
 j - 2 scrolls of fog
 n - 2 scrolls of amnesia
 o - a scroll of enchant weapon
 q - a scroll of immolation {!r}
 t - 2 scrolls of remove curse
 I - a scroll of magic mapping {!r}
Potions
 b - 2 potions of resistance
 f - a potion of curing
 s - 2 potions of might
 u - 3 potions of heal wounds
 v - 2 potions of mutation {!q}
 z - a potion of brilliance {unknown}
 A - 2 potions of ambrosia
 B - a potion of lignification {!q}
Comestibles
 c - 22 rations

▒▒▒ ▒▒▒ ▒▒▒ ▒▒▒ ▒▒▒▓8.8.8..
▒8▒ ▒8▒ ▒8▒ ▒8▒ ▒8▒▓≈......
▒▒▒▒▒▒▒▒▒▒▒▒▒▒▒▒▒▒▒▒▒▒▒▒▒▒▒▒
▒≈..........................
▒...........................
▒▒▒..▒▒▒▒▒▒▒▒▒▒▒...▒▒▒▒▒▒▒▒▒▒▒
▒8▒..▒^...©.$..▒.8.▒....©3/..▒
▒▒▒..▒.▒.▒.▒y▒Q▒...▒......5..▒
▒..▒^.▒(▒^▒@m▒▒▒▒▒.▒▒▒▒▒▒▒.▒
▒▒▒..▒.▒.▒.▒Q▒y▒...▒.#.#.#.#.▒
▒8▒..▒..▒.5w▒.x▒©.©▒....©....▒
▒▒▒..▒.▒.▒.▒y▒k▒...▒#.#.#.#.#▒
▒..▒..▒h▒g▒.3▒▒▒▒▒3▒
▒▒▒..▒.▒.▒.▒.▒.▒...▒.........▒
▒8▒..▒.....k§..▒.8.▒...535...▒
▒▒▒..▒▒▒▒▒▒▒▒▒▒▒...▒▒▒▒▒▒▒▒▒▒▒
▒.....▒.©.▒....≈............


You could see 2 soul eaters, a wind drake, 2 tengu warriors, a merfolk siren, a
worldbinder, a raiju (wandering), a swamp worm, a hornet, a boggart, 2 killer
bees and a shadow imp.


Message History

The tengu warrior closely misses you.
The white imp hits you but does no damage.
The tengu warrior closely misses you. x2
The tengu warrior claws you but does no damage.
The hornet stings you but does no damage.
You take 1 damage, and have 26/104 hp.
You slash the white imp!
You kill the white imp!
You hit the tengu warrior. You barely miss the hornet.
You miss the tengu warrior.
You feel sick.
The worldbinder calls forth creatures from the Shoals!
The tengu warrior barely misses you. The tengu warrior closely misses you.
The tengu warrior claws you but does no damage.
The hornet stings you.
* * * LOW HITPOINT WARNING * * *
You suddenly lose the ability to move!
The killer bee stings you but does no damage.
You feel yourself speed up.
You feel sick.
The merfolk siren disappears in a puff of smoke!
The killer bee completely misses you.
The hornet stings you but does no damage.
The tengu warrior hits you with a +1 great mace!
* * * LOW HITPOINT WARNING * * *
The tengu warrior pecks you but does no damage.
The tengu warrior claws you.
* * * LOW HITPOINT WARNING * * *
The killer bee stings you but does no damage.
The tengu warrior hits you with a +0 great sword!
You die...

Action                   |  1- 3 |  4- 6 |  7- 9 | 10-12 || total
-------------------------+-------+-------+-------+-------++-------
Melee: Hand axe          |   171 |   132 |   352 |   104 ||   759
       Headbutt          |    34 |    31 |    67 |    52 ||   184
       Unarmed           |     2 |       |       |       ||     2
       War axe           |       |       |       |   135 ||   135
       Falchion          |       |       |       |     4 ||     4
       Punch             |       |       |       |     3 ||     3
Throw: Boomerang         |       |       |    40 |     3 ||    43
Invok: Heroism           |       |       |     4 |     8 ||    12
       Finesse           |       |       |       |     1 ||     1
Evoke: Wand              |       |     3 |     2 |     3 ||     8
  Use: Scroll            |       |     2 |    15 |     6 ||    23
       Potion            |       |       |     1 |     1 ||     2
 Stab: Sleeping          |     4 |       |       |       ||     4
  Eat: Chunk             |     4 |     7 |    14 |     5 ||    30
       Ration            |       |       |     1 |     1 ||     2
Armor: Robe              |    35 |     9 |       |       ||    44
       Chain mail        |       |    77 |   248 |   168 ||   493
Dodge: Dodged            |    89 |    59 |   142 |   186 ||   476
       Deflected         |       |       |       |     1 ||     1

Levels and vault maps discovered:
D:1:      minmay_arrival_stair_chambers, layout_loops_ring,
          hangedman_decor_riveting
D:2:      layout_rooms, makhleb_grotto_becter, lexackson_kobold_supper
D:3:      layout_rooms, old_standard_altar, lemuel_doored_altar,
          okawaru_altar_gauntlet_db
D:4:      layout_rooms, minmay_temple_entry_grid, first_ration, serial_shops,
          shop
D:5:      layout_basic, zin_scriptorium, serial_shops, kennysheep_little_box,
          uniq_blork_the_orc
D:6:      layout_gridville, uniq_sigmund
D:7:      layout_loops_cross, tgw_sif, serial_shops, kennysheep_mini,
          nicolae_shop_trees, shop, nicolae_shop_trees, shop
D:8:      layout_rooms, grunt_decor_one_mirror, hangedman_ranch
          [blue_anna_fruit_fields]
D:9:      layout_roguey, gammafunk_temple_overflow_statue,
          grunt_lair_entry_orc_guard_hut, uniq_psyche
D:10:     layout_basic, erik_orc_4
D:11:     layout_stronghold, gauntlet_entry_generic, minivault_8, uniq_erica
Temple:   minmay_temple_curvy_branch
Gauntlet: gammafunk_gauntlet_shortcut [gammafunk_gauntlet_arena_mazey,
          nicolae_gauntlet_arena_flowing_pool, gammafunk_gauntlet_arena_split_x,
          nicolae_gauntlet_arena_quarters, gammafunk_gauntlet_arena_grid,
          gammafunk_gauntlet_arena_teeth, gauntlet_exit_spiral]

Notes
Turn   | Place    | Note
-------+----------+-------------------------------------------
     0 | D:1      | araganzar the Minotaur Summoner began the quest for the
                  | Orb.
     0 | D:1      | Reached XP level 1. HP: 14/14 MP: 1/1
    67 | D:1      | Reached skill level 1 in Fighting
   160 | D:1      | Reached skill level 1 in Axes
   239 | D:1      | Reached XP level 2. HP: 23/23 MP: 3/3
   890 | D:2      | Reached skill level 2 in Fighting
   958 | D:2      | Reached skill level 2 in Axes
  1186 | D:2      | Reached XP level 3. HP: 30/30 MP: 4/4
  1428 | D:2      | Found a burning altar of Makhleb.
  2188 | D:3      | Reached skill level 3 in Fighting
  2389 | D:3      | Found a glowing golden altar of the Shining One.
  2433 | D:3      | Reached XP level 4. HP: 29/38 MP: 5/5
  2450 | D:3      | Reached skill level 3 in Axes
  2565 | D:3      | Found a stormy altar of Qazlal.
  3118 | D:3      | Reached skill level 4 in Fighting
  3143 | D:3      | Reached skill level 4 in Axes
  3143 | D:3      | Reached XP level 5. HP: 45/46 MP: 6/6
  3362 | D:3      | Found an iron altar of Okawaru.
  3374 | D:3      | Became a worshipper of Warmaster Okawaru
  3481 | D:3      | Reached skill level 1 in Armour
  3737 | D:4      | Found a staircase to the Ecumenical Temple.
  3745 | Temple   | Entered the Ecumenical Temple
  4080 | D:3      | Reached XP level 6. HP: 39/55 MP: 7/7
  4082 | D:3      | Reached skill level 2 in Armour
  4396 | D:4      | Reached skill level 5 in Fighting
  4396 | D:4      | Reached skill level 5 in Axes
  4574 | D:4      | Reached skill level 3 in Armour
  4799 | D:4      | Found Joocihas's Antique Armour Shoppe.
  4895 | D:5      | Entered Level 5 of the Dungeon
  4895 | D:5      | Noticed a sky beast
  4911 | D:4      | Killed a sky beast
  4911 | D:4      | Reached XP level 7. HP: 38/62 MP: 8/8
  5559 | D:5      | Reached skill level 6 in Fighting
  5559 | D:5      | Reached skill level 4 in Armour
  5649 | D:5      | Reached * piety under Okawaru
  5649 | D:5      | Reached skill level 6 in Axes
  5661 | D:5      | Found Laanudio's Book Emporium.
  5740 | D:5      | Noticed Blork the orc
  5754 | D:5      | Killed Blork the orc
  5802 | D:5      | Found a glowing silver altar of Zin.
  6648 | D:6      | Noticed Sigmund
  6667 | D:6      | Killed Sigmund
  6667 | D:6      | Reached skill level 5 in Armour
  6667 | D:6      | Reached XP level 8. HP: 67/71 MP: 9/9
  7008 | D:6      | Reached skill level 7 in Fighting
  7082 | D:6      | Reached skill level 7 in Axes
  7881 | D:7      | Found Feurr's Food Shoppe.
  7967 | D:4      | Bought a faintly humming chain mail for 247 gold pieces
  7977 | D:4      | Identified the +4 chain mail "Riyj" {SInv} (You bought it
                  | in a shop on level 4 of the Dungeon)
  8033 | D:7      | Found Seinuh's Antique Weapon Shoppe.
  8093 | D:7      | Reached skill level 6 in Armour
  8234 | D:7      | Found Xesomed's Assorted Antiques.
  8237 | D:7      | Bought a viscous amethyst potion for 16 gold pieces
  8237 | D:7      | Bought a scroll labeled NOKU HUHINTYU for 18 gold pieces
  8246 | D:7      | Found Qemym's Antique Armour Shoppe.
  8481 | D:7      | Noticed a two-headed ogre
  8525 | D:7      | Found Boamowk's Armour Emporium.
  8744 | D:7      | Noticed Jessica
  8750 | D:7      | Killed Jessica
  8756 | D:7      | Found a shimmering blue altar of Sif Muna.
  8803 | D:7      | Reached skill level 8 in Fighting
  8844 | D:8      | Reached ** piety under Okawaru
  8865 | D:8      | Reached skill level 8 in Axes
  9033 | D:8      | Reached skill level 7 in Armour
  9141 | D:8      | Reached XP level 9. HP: 78/81 MP: 10/10
  9266 | D:8      | Reached skill level 9 in Fighting
  9277 | D:8      | Got a pitted ruby amulet
  9302 | D:8      | Identified the amulet "Riostast" {Acrobat *Contam MR+
                  | Str+4} (You found it on level 8 of the Dungeon)
  9370 | D:8      | Noticed a two-headed ogre
  9413 | D:8      | Killed a two-headed ogre
  9413 | D:8      | Reached *** piety under Okawaru
  9413 | D:8      | Reached skill level 9 in Axes
  9413 | D:8      | Reached skill level 3 in Dodging
  9413 | D:8      | Reached skill level 2 in Invocations
  9696 | D:8      | Reached skill level 4 in Dodging
  9839 | D:8      | Reached skill level 10 in Fighting
  9839 | D:8      | Reached XP level 10. HP: 90/92 MP: 11/11
  9844 | D:8      | Reached skill level 10 in Axes
  9870 | D:8      | Reached skill level 5 in Dodging
  9901 | D:8      | Noticed a three-headed hydra
  9915 | D:8      | Killed a one-headed hydra
  9915 | D:8      | Reached **** piety under Okawaru
 10042 | D:9      | Noticed a two-headed ogre
 10064 | D:8      | Reached skill level 6 in Dodging
 10097 | D:9      | Killed a two-headed ogre
 10097 | D:9      | Reached ***** piety under Okawaru
 10097 | D:9      | Reached skill level 11 in Fighting
 10364 | D:8      | Reached skill level 11 in Axes
 10473 | D:9      | Paralysed by a hornet for 1 turns
 10802 | D:9      | Found a staircase to the Lair.
 10823 | D:9      | Received a gift from Okawaru
 10823 | D:9      | Reached skill level 1 in Evocations
 10947 | D:9      | Found a blossoming altar of Fedhas.
 10948 | D:9      | Found a sacrificial altar of Ru.
 11060 | D:9      | Noticed Psyche
 11071 | D:9      | Killed Psyche
 11071 | D:9      | Reached skill level 3 in Invocations
 11265 | D:10     | Entered Level 10 of the Dungeon
 11470 | D:11     | Noticed a molten gargoyle
 11470 | D:11     | Noticed a molten gargoyle
 11471 | D:11     | Noticed a molten gargoyle
 11506 | D:11     | Noticed a molten gargoyle
 11514 | D:11     | Killed a molten gargoyle
 11514 | D:11     | Reached skill level 7 in Dodging
 11523 | D:11     | Killed a molten gargoyle
 11523 | D:11     | Reached skill level 2 in Evocations
 11552 | D:11     | Reached XP level 11. HP: 72/101 MP: 8/12
 11818 | D:11     | Reached skill level 4 in Invocations
 11843 | D:11     | Found a gate leading to a gauntlet.
 11852 | Gauntlet | Entered a Gauntlet
 11852 | Gauntlet | Found a transporter.
 11852 | Gauntlet | Found a transporter.
 11852 | Gauntlet | Noticed a death yak
 11852 | Gauntlet | Noticed a death yak
 11852 | Gauntlet | Noticed a death yak
 11852 | Gauntlet | Noticed a death yak
 11852 | Gauntlet | Noticed a necromancer
 11865 | Gauntlet | Found a transporter.
 11876 | Gauntlet | Found a transporter.
 11890 | Gauntlet | Found a transporter.
 11901 | Gauntlet | Found a transporter.
 11915 | Gauntlet | Found a transporter.
 11920 | Gauntlet | Noticed a soul eater
 11921 | Gauntlet | Found a transporter.
 11932 | Gauntlet | Noticed a death ooze
 11935 | Gauntlet | Found a transporter.
 11952 | Gauntlet | Found a transporter.
 11956 | Gauntlet | Found a transporter.
 12089 | Gauntlet | Found a transporter.
 12387 | Gauntlet | Reached skill level 3 in Evocations
 12459 | Gauntlet | Noticed a tengu warrior
 12459 | Gauntlet | Noticed a tengu warrior
 12461 | Gauntlet | Paralysed by a hornet for 3 turns
 12462 | Gauntlet | Noticed a soul eater
 12483 | Gauntlet | Paralysed by a hornet for 3 turns
 12484 | Gauntlet | HP: 9/104 [tengu warrior/+1 great mace[a boggart] (2)]
 12484 | Gauntlet | Slain by a tengu warrior

Vanquished Creatures
  A hydra (D:8)
  2 two-headed ogres
  2 molten gargoyles (D:11)
  A smoke demon (Gauntlet)
  Psyche (D:9)
  2 komodo dragons (D:11)
  A red devil (Gauntlet)
  A troll (D:11)
  A hornet (D:9)
  2 dream sheep (D:8)
  A ynoxinul (Gauntlet)
  2 yaks (D:8)
  A wraith (D:11)
  Sigmund (D:6)
  2 wyverns (D:8)
  A water moccasin (D:10)
  2 orc warriors
  A porcupine (D:8)
  4 ice beasts (D:8)
  A necrophage (D:8)
  5 sky beasts
  3 phantoms
  An eye of draining (D:8)
  3 ogres
  4 centaurs
  A crocodile (D:8)
  3 big kobolds (D:8)
  2 bullfrogs (D:8)
  Blork the orc (D:5)
  3 scorpions
  5 wights (D:11)
  A bullfrog zombie (D:5)
  7 crimson imps
  2 quasits
  A bullfrog skeleton (D:8)
  4 orc priests
  4 hounds
  A jelly (D:9)
  4 orc wizards
  2 iguanas
  3 iron imps (Gauntlet)
  Jessica (D:7)
  3 worker ants
  A hound skeleton (D:10)
  6 gnolls
  7 adders
  An adder skeleton (D:4)
  5 worms
  11 leopard geckos
  22 orcs
  5 bats
  6 giant cockroaches
  5 goblins (D:3)
  6 hobgoblins
  4 jackals (D:3)
  2 quokkas (D:2)
  2 ball pythons
  5 frilled lizards
  A jackal skeleton (D:6)
  15 kobolds
  A leopard gecko skeleton (D:4)
  A leopard gecko zombie (D:5)
  A quokka skeleton (D:3)
  A quokka zombie (D:6)
  5 rats
  A fungus (D:9)
208 creatures vanquished.

Vanquished Creatures (others)
  A fungus (D:9)
  A plant (D:2)
  3 withered plants (Gauntlet)
5 creatures vanquished.

Grand Total: 213 creatures vanquished
